 Dungeon Crawl Stone Soup version 0.17.1-3-g152610e (webtiles) character file.

277 Alarkh the Insei (level 6, -1/41 HPs)
             Began as an Octopode Transmuter on Apr 17, 2016.
             Slain by a giant frog skeleton (4 damage)
             ... on level 4 of the Dungeon.
             The game lasted 00:05:23 (3460 turns).

Alarkh the Insei (Octopode Transmuter)              Turns: 3460, Time: 00:05:24

Health: -1/41      AC:  2    Str: 10    XL:     6   Next: 26%
Magic:  2/9        EV: 21    Int: 17    God:
Gold:   111        SH:  0    Dex: 17    Spells: 2 memorised, 5 levels left

rFire  + . .     SeeInvis .       - Unarmed
rCold  . . .     Clarity  .     (shield currently unavailable)
rNeg   . . .     SustAt   .     (helmet currently unavailable)
rPois  .         Gourm    .     (no amulet)
rElec  .         Spirit   .     g - ring of protection from fire
rCorr  .         Warding  .     i - ring of poison resistance
rMut   .         Stasis   .     (no ring)
MR     .....                    (no ring)
Stlth  ++........               (no ring)
                                (no ring)
                                (no ring)
                                (no ring)

@: spider-form, very slightly contaminated, not resistant to hostile
enchantments, unstealthy
A: almost no armour, amphibious, 8 rings, (constrict 8), (camouflage 0),
(gelatinous body 0)
a: End Transformation


You were on level 4 of the Dungeon.
You were not hungry.
You were a venomous arachnid creature.
You visited 1 branch of the dungeon, and saw 4 of its levels.

You collected 111 gold pieces.

Inventory:

Hand Weapons
 e - a +0 blowgun
Missiles
 a - 23 arrows
 n - 7 poisoned needles
Jewellery
 g - a ring of protection from fire (left front leg)
 i - a ring of poison resistance (right front leg)
Scrolls
 d - a scroll of teleportation {unknown}
 f - 4 scrolls of enchant weapon {unknown}
 h - 4 scrolls of identify {unknown}
 j - 2 scrolls of magic mapping {unknown}
 k - 3 scrolls of noise {unknown}
 l - 2 scrolls of blinking {unknown}
 o - a scroll of immolation {unknown}
 s - a scroll of recharging {unknown}
Potions
 m - a potion of agility {unknown}
 p - a potion of beneficial mutation {unknown}
Books
 b - a book of Changes

   Spells                             Type                      Level
   a - Beastly Appendage              Transmutation                1
   b - Sticks to Snakes               Transmutation                2
   c - Spider Form                    Transmutation/Poison         3
   d - Ice Form                       Ice/Transmutation            4
   e - Blade Hands                    Transmutation                5
Comestibles
 c - a bread ration
 q - 3 chunks of flesh
 r - a meat ration


   Skills:
 + Level 2.8 Fighting
 + Level 3.5 Dodging
 * Level 5.4 Unarmed Combat
 - Level 2.0 Spellcasting
 - Level 2.0 Transmutations


You had 5 spell levels left.
You knew the following spells:

 Your Spells              Type           Power        Failure   Level  Hunger
a - Beastly Appendage     Trmt           #.....       24%         1    #......
b - Spider Form           Trmt/Pois      #.........   61%         3    ###....


Dungeon Overview and Level Annotations

Branches:
Dungeon (4/15)
 Temple: D:4-7

Altars:

Annotations:
D:3 bollicks1999's ghost, amateur OpAs
D:4 Blork the orc


Innate Abilities, Weirdness & Mutations

You cannot wear most types of armour.
You are amphibious.
You can wear up to eight rings at the same time.
((You can use your tentacles to constrict eight enemies at once.))
((Your skin changes colour to match your surroundings (Stealth).))
((Your rubbery body absorbs attacks (AC +1).))


Message History

The puff of flame misses you.
Blork the orc zaps a wand.
The puff of flame hits you! You resist.
* * * LOW HITPOINT WARNING * * *
The giant frog skeleton misses you.
Found 10 gold pieces.
Blork the orc looks braver for a moment.
Blork the orc zaps a wand.
The puff of flame hits you! You resist.
* * * LOW HITPOINT WARNING * * *
The giant frog skeleton hits you but does no damage.
Found a bread ration.
Blork the orc zaps a wand.
The puff of flame hits you! You resist.
* * * LOW HITPOINT WARNING * * *
The giant frog skeleton hits you.
* * * LOW HITPOINT WARNING * * *
Casting: Spider Form
Confirm with . or Enter, or press ? or * to list all spells.
You turn into a venomous arachnid creature.
The giant frog skeleton completely misses you.
You bite the giant frog skeleton! The giant frog skeleton hits you.
You die...

## ##......# #..
#......%. #...
##........
#...####..$......#
.................#
................#
................#
....##Z#.......# .
#.s#....####
#...#....#
#..##..o.# ....
#....#
##...##..>.#####
...........%.<#
...............#
...#####........#
#.<(.....#


You could see a giant frog skeleton.

Vanquished Creatures
  A centaur (D:3)
  4 gnolls (D:2)
  10 adders
  2 oozes (D:1)
  3 worms
  3 giant geckos
  An orc (D:3)
  A ball python (D:3)
  A giant cockroach (D:1)
  5 hobgoblins
  8 jackals
  2 quokkas
  6 bats
  A giant newt (D:2)
  3 goblins
  6 kobolds
  5 rats
62 creatures vanquished.

Notes
Turn   | Place    | Note
--------------------------------------------------------------
     0 | D:1      | Alarkh the Octopode Transmuter began the quest for the Orb.
     0 | D:1      | Reached XP level 1. HP: 13/13 MP: 3/3
    81 | D:1      | Reached XP level 2. HP: 18/18 MP: 5/5
   720 | D:1      | Reached XP level 3. HP: 8/23 MP: 6/6
  1309 | D:2      | Learned a level 3 spell: Spider Form
  1757 | D:2      | Reached skill level 4 in Unarmed Combat
  1757 | D:2      | Reached XP level 4. HP: 20/29 MP: 5/7
  2627 | D:2      | Reached XP level 5. HP: 29/34 MP: 6/8
  2798 | D:3      | Noticed a centaur
  2947 | D:3      | Killed a centaur
  2947 | D:3      | Reached skill level 5 in Unarmed Combat
  3196 | D:3      | Reached XP level 6. HP: 33/41 MP: 5/9
  3331 | D:3      | Noticed bollicks1999's ghost (amateur OpAs)
  3359 | D:4      | Noticed Blork the orc
  3457 | D:4      | HP: 2/41 [giant frog skeleton (3)]
  3460 | D:4      | Slain by a giant frog skeleton

Action                   |  1- 3 |  4- 6 || total
-------------------------+-------+-------++-------
Melee: Unarmed           |    80 |   100 ||   180
 Cast: Beastly Appendage |     9 |    10 ||    19
       Spider Form       |       |     7 ||     7
  Use: Potion            |       |     2 ||     2
 Stab: Sleeping          |     5 |     2 ||     7
  Eat: Chunk             |     2 |     7 ||     9
